 Dungeon Crawl Stone Soup version 0.20.1-1-g8b1a95d (webtiles) character file.

42 Kunitse the Conjurer (level 3, -2/19 HPs)
             Began as a Kobold Conjurer on Oct 5, 2017.
             Killed from afar by Sigmund (8 damage)
             ... with a magic dart
             ... on level 2 of the Dungeon.
             The game lasted 00:14:44 (1958 turns).

Kunitse the Conjurer (Kobold Conjurer)              Turns: 1958, Time: 00:14:45

Health: -2/19      AC:  2    Str:  5    XL:     3   Next: 80%
Magic:  6/6        EV: 15    Int: 17    God:
Gold:   61         SH:  0    Dex: 15    Spells: 3/6 levels left

rFire    . . .     SeeInvis .   e - +0 short sword
rCold    . . .     Gourm    .   (shield restricted)
rNeg     . . .     Faith    .   a - +0 robe
rPois    .         Spirit   .   (no helmet)
rElec    .         Reflect  .   (no cloak)
rCorr    .         Harm     .   (no gloves)
MR       .....                  (no boots)
Stlth    ++........             (no amulet)
Regen    0.1/turn               (no ring)
MPRegen  0.1/turn               (no ring)

@: no status effects
A: carnivore 3
a: no special abilities


You were on level 2 of the Dungeon.
You were not hungry.

You visited 1 branch of the dungeon, and saw 2 of its levels.

You collected 61 gold pieces.

Inventory:

Hand Weapons
 e - a +0 short sword (weapon)
Armour
 a - a +0 robe (worn)
 l - a +1 scale mail of fire resistance
Jewellery
 k - a +2 ring of dexterity {unknown}
Scrolls
 f - a scroll of fog {unknown}
 g - 4 scrolls of teleportation {unknown}
 h - a scroll of blinking {unknown}
 m - 2 scrolls of remove curse {unknown}
 n - 2 scrolls of identify {unknown}
Potions
 d - 2 potions of curing {unknown}
 j - a potion of berserk rage {unknown}
Books
 b - a book of Conjurations

   Spells                             Type                      Level
   a - Magic Dart                     Conjuration                  1
   b - Searing Ray                    Conjuration                  2
   c - Dazzling Spray                 Conjuration/Hexes            3
   d - Fulminant Prism                Conjuration/Hexes            4
   e - Force Lance                    Conjuration/Translocation    4
   f - Iskenderun's Mystic Blast      Conjuration                  4
Comestibles
 c - 3 meat rations
 i - a royal jelly


   Skills:
 - Level 2.5 Dodging
 + Level 2.9 Stealth
 + Level 2.3 Spellcasting
 + Level 5.0 Conjurations


You had 3 spell levels left.
You knew the following spells:

 Your Spells              Type           Power        Failure   Level  Hunger
a - Magic Dart            Conj           ###.         2%          1    #......
b - Searing Ray           Conj           ###...       3%          2    ###....


Dungeon Overview and Level Annotations

Branches:
Dungeon (2/15)

Altars:
Dithmenos

Annotations:
D:2 Sigmund


Innate Abilities, Weirdness & Mutations

You are small and have problems with some larger weapons.
You are carnivorous and can eat meat at any time.


Message History

You're too confused to cast spells.
Unknown command.
Sigmund casts a spell.
Sigmund flickers and vanishes!
Deactivating autopickup; reactivate with Ctrl-A.
You're too confused to move!
A puff of flame appears from out of thin air!
The puff of flame hits you!
You bump into the stone wall.
Something hits you but does no damage.
You feel less confused.
You hear some strange, mumbled words.
Something tries to affect you, but you resist.
Something hits you but does no damage.
Found a stone staircase leading down.
Something barely misses you.
A magic dart appears from out of thin air!
The magic dart hits you!
A magic dart appears from out of thin air!
The magic dart hits you!
You die...

........#.###.###...##.....##
#####.#.#.###.# #..## ..#..#
### #.#.#.....# #..##..## ..#
..# #.#.#.....# #......## ..
..###.#.#.....###.###...# .
........#.................
#.###.###.......)........>
#.....#...........########
#.#####.#.######@.#
...##...#.........#
#####.###.######.##
......###.# #.# ..........#
###.#####
##############.......#####
..........................
##############.......##### .#
###..........


There were no monsters in sight!

Vanquished Creatures
  A dart slug (D:2)
  A giant cockroach (D:2)
  7 goblins
  3 hobgoblins
  4 jackals (D:1)
  7 kobolds
  A quokka (D:2)
  6 bats
  2 frilled lizards (D:2)
  4 rats
36 creatures vanquished.

Notes
Turn   | Place    | Note
-------+----------+-------------------------------------------
     0 | D:1      | Kunitse the Kobold Conjurer began the quest for the Orb.
     0 | D:1      | Reached XP level 1. HP: 10/10 MP: 3/3
    67 | D:1      | You fall through a shaft!
   255 | D:2      | Noticed Sigmund
   365 | D:2      | Reached XP level 2. HP: 15/15 MP: 1/5
   812 | D:2      | Reached XP level 3. HP: 19/19 MP: 1/6
   887 | D:1      | Learned a level 2 spell: Searing Ray
  1262 | D:1      | Reached skill level 5 in Conjurations
  1930 | D:2      | Found a shadowy altar of Dithmenos.
  1958 | D:2      | Killed from afar by Sigmund

Skill      XL: |  1  2  3 |
---------------+----------+-----
Conjurations   | 5 |  5.0
Dodging        | |  2.5
Stealth        | |  2.9
Spellcasting   | |  2.3

Action                   || total
-------------------------++-------
Melee: Unarmed           ||     2
       Short sword       ||    16
 Cast: Magic Dart        ||    65
       Searing Ray       ||     1
  Eat: Chunk             ||     5
Armor: Robe              ||     8
Dodge: Dodged            ||    39
